[Event "Titled Tuesday Blitz March 14 Late 2023"]
[White "Trakru, Rohun"]
[Black "Thomforde-Toates, Noah"]
[WhiteFideId "2097613"]
[BlackFideId "30951992"]
[WhiteElo "1852"]
[BlackElo "2619"]
[Result "0-1"]
[Round "11"]
[TimeControl "180+2"]
[Date "2023.03.14"]
[WhiteClock "0:00:04"]
[BlackClock "0:00:14"]

1. e4 c5 2. Nc3 g6 3. d4 cxd4 4. Qxd4 Nf6 5. Be3 Nc6 6. Qd2 Bg7 7. f3 O-O 8. O-O-O Qa5 9. Kb1 d6 10. Nge2 Be6 11. Nf4 Ne5 12. Nxe6 fxe6 13. f4 Neg4 14. Bc4 d5 15. exd5 Rac8 16. Bb3 Rxc3 17. Bd4 Rc5 18. Bxc5 Qxc5 19. dxe6 Nf2 20. Rhe1 Nxd1 21. Qxd1 Qc7 22. g3 Rd8 23. Qe2 Qd6 24. c3 Qd2 25. Qxd2 Rxd2 26. Rh1 Ng4 27. Rd1 Rxd1+ 28. Bxd1 Ne3 29. Be2 Bf6 30. a4 b6 31. Ka2 Kf8 32. Kb3 Ke8 33. Kb4 Kd8 34. Kb5 Kc7 35. Ka6 Kb8 36. Kb5 Kb7 37. Bf3+ Kc7 38. Be2 Nd5 39. Bf3 Ne3 40. Be2 h6 41. Ka6 Kb8 42. Kb5 Nd5 43. Kc6 Nc7 44. Kd7 g5 45. f5 Nd5 46. Bf3 Ne3 47. Be4 Nd1 48. b4 Nxc3 49. Bc2 Nd5 50. b5 Ne3 51. Be4 h5 52. h3 h4 53. g4 Nd1 54. Bf3 Nf2 55. Bg2 Nd3 56. Be4 Nf4 57. Bf3 Nxh3 58. Ke8 Nf4 59. Kf7 h3 60. Bh1 h2 61. Ke8 Ne2 62. Bf3 Ng3 63. Kf7 h1=Q 64. Bxh1 Nxh1 0-1


[Site "https://www.chess.com"]

[Event "Titled Tuesday Blitz March 14 Late 2023"]
[White "Cuenca Jimenez, Jose Fernando"]
[Black "Popov, Mikhail"]
[WhiteFideId "2255570"]
[BlackFideId "4146182"]
[WhiteElo "2429"]
[BlackElo "2270"]
[Result "1-0"]
[Round "11"]
[TimeControl "180+2"]
[Date "2023.03.14"]
[WhiteClock "0:00:02"]
[BlackClock "0:00:02"]

1. e4 g6 2. d4 Bg7 3. c4 d6 4. Nc3 Nf6 5. h3 O-O 6. Be3 e5 7. d5 a5 8. g4 Nfd7 9. h4 Nc5 10. h5 c6 11. f3 cxd5 12. cxd5 Nba6 13. Qd2 f5 14. hxg6 hxg6 15. gxf5 gxf5 16. Bh6 Qf6 17. Bxg7 Kxg7 18. Qh2 Kf7 19. Bxa6 bxa6 20. O-O-O Bd7 21. Qh7+ Ke8 22. Nge2 Kd8 23. Rdg1 Kc7 24. Rh6 Qd8 25. Qg6 Nb7 26. Rh7 Rg8 27. Rg7 Rxg7 28. Qxg7 f4 29. Kb1 Qh8 30. Qg2 Qh3 31. Qf2 Rh8 32. Rc1 Nc5 33. a3 a4 34. Na2 Qh2 35. Qe1 Kd8 36. Nb4 Qf2 37. Qxf2 1-0


[Site "https://www.chess.com"]

[Event "Titled Tuesday Blitz March 14 Late 2023"]
[White "Rangel, Daniel"]
[Black "Fishbein, Alexander"]
[WhiteFideId "2124475"]
[BlackFideId "2000377"]
[WhiteElo "2256"]
[BlackElo "2415"]
[Result "0-1"]
[Round "11"]
[TimeControl "180+2"]
[Date "2023.03.14"]
[WhiteClock "0:00:06"]
[BlackClock "0:00:13"]

1. c4 Nf6 2. g3 g6 3. Bg2 Bg7 4. Nc3 O-O 5. e3 d6 6. Nge2 e5 7. O-O Nc6 8. d3 Bg4 9. b3 Qd7 10. Bb2 Bh3 11. Qd2 Bxg2 12. Kxg2 d5 13. cxd5 Nxd5 14. e4 Ndb4 15. Rad1 Rad8 16. Nc1 Nd4 17. a3 Nbc6 18. Nd5 f5 19. b4 a6 20. Ne2 Nf3 21. Qc2 fxe4 22. dxe4 Qg4 23. Ng1 Ncd4 24. Bxd4 Nxd4 25. Qd3 c6 26. f3 Qg5 27. Ne3 Kh8 28. h4 Qe7 29. Qc4 b5 30. Qc3 Qe6 31. Nc2 Qa2 32. Rf2 Ne2 33. Rxe2 Rxd1 34. Qxc6 Qc4 35. Qxc4 bxc4 36. Ne3 Rc1 37. Rd2 c3 38. Rd6 Bh6 39. Nd5 c2 40. Rc6 Rxg1+ 41. Kxg1 c1=Q+ 42. Rxc1 Bxc1 43. Kf1 Bxa3 44. Ke2 Rb8 45. f4 exf4 46. gxf4 Bxb4 47. Kd3 Bf8 48. e5 a5 49. Nf6 a4 50. Ke4 a3 51. Nd7 Rd8 52. Nb8 Rxb8 0-1


[Site "https://www.chess.com"]

[Event "Titled Tuesday Blitz March 14 Late 2023"]
[White "Grycel, Kamil"]
[Black "Ismagilov, Damir"]
[WhiteFideId "1115499"]
[BlackFideId "34199982"]
[WhiteElo "2463"]
[BlackElo "2078"]
[Result "1-0"]
[Round "11"]
[TimeControl "180+2"]
[Date "2023.03.14"]
[WhiteClock "0:01:14"]
[BlackClock "0:01:34"]

1. b3 a5 2. a4 Nf6 3. Bb2 g6 4. Nf3 Bg7 5. g3 O-O 6. Bg2 d6 7. d4 c6 8. O-O Nbd7 9. c4 Qc7 10. Nc3 e5 11. e3 Re8 12. Ba3 Bf8 13. Rc1 h6 14. Qc2 Kh7 15. Rfd1 exd4 16. exd4 Nb8 17. Re1 Bf5 18. Qd2 Na6 19. d5 Nc5 20. Bxc5 dxc5 21. Nh4 Bd7 22. Ne4 Nxe4 23. Bxe4 Bg7 24. Qd3 Bh3 25. Bxg6+ fxg6 26. Qxg6+ 1-0


[Site "https://www.chess.com"]

[Event "Titled Tuesday Blitz March 14 Late 2023"]
[White "Hajiyev, Kanan"]
[Black "Johannesson, Ingvar Thor"]
[WhiteFideId "13404148"]
[BlackFideId "2301490"]
[WhiteElo "2103"]
[BlackElo "2360"]
[Result "1-0"]
[Round "11"]
[TimeControl "180+2"]
[Date "2023.03.14"]
[WhiteClock "0:00:07"]
[BlackClock "0:00:10"]

1. d4 Nf6 2. Nf3 e6 3. c4 c5 4. Nc3 cxd4 5. Nxd4 a6 6. e4 Qc7 7. Be2 Be7 8. O-O O-O 9. Be3 d6 10. Rc1 Nbd7 11. f4 b6 12. Bf3 Bb7 13. f5 e5 14. Nde2 Qxc4 15. Nd5 Bxd5 16. Rxc4 Bxc4 17. Rf2 Rac8 18. Nc3 a5 19. g4 h6 20. h4 Nh7 21. Rh2 Rfd8 22. Qd2 b5 23. b3 b4 24. bxc4 bxc3 25. Qxc3 Nc5 26. Qxa5 Nf6 27. Bxc5 Rxc5 28. Qa7 Rd7 29. Qb8+ Rd8 30. Qb7 Rd7 31. Qb8+ Rd8 32. Qb3 Nh7 33. a4 Ra8 34. Be2 Rca5 35. Bd1 Nf6 36. g5 Nd7 37. gxh6 gxh6 38. Rg2+ Kf8 39. Qg3 Bf6 40. h5 Nc5 41. Bc2 Nxa4 42. Bxa4 Rxa4 43. Qg8+ Ke7 44. Qh7 Rxc4 45. Qxh6 Rxe4 46. Qc1 Ra7 47. h6 Rea4 48. Kh2 Rh4+ 49. Kg3 Rha4 50. h7 Ra3+ 51. Kh2 R3a4 52. Qc8 Rh4+ 53. Kg3 Rxh7 54. Qc6 Rg7+ 55. Kh2 Rxg2+ 56. Kxg2 Rd7 57. Kf3 d5 58. Qc5+ Ke8 59. Qc6 d4 60. Qxf6 d3 61. Qxe5+ Kd8 62. f6 Kc8 63. Qc5+ Kb7 64. Qb5+ Kc7 65. Qa5+ Kc8 66. Qd2 Kc7 67. Kf2 Kc6 68. Ke1 Kc7 69. Qh2+ Kc6 70. Kd2 Kc5 71. Qe5+ Kc6 72. Qc3+ Kb7 73. Qc5 Kb8 74. Qc6 Rd8 75. Qb6+ Kc8 76. Qc6+ Kb8 77. Qb5+ Kc7 78. Qc4+ Kb8 79. Qxf7 Kc8 80. Qe7 Rd7 81. Qe8+ Kc7 82. f7 1-0


[Site "https://www.chess.com"]

[Event "Titled Tuesday Blitz March 14 Late 2023"]
[White "Sreyas Payyappat"]
[Black "Estrada Nieto, Julian"]
[WhiteFideId "46674969"]
[BlackFideId "5101018"]
[WhiteElo "2083"]
[BlackElo "2176"]
[Result "1-0"]
[Round "11"]
[TimeControl "180+2"]
[Date "2023.03.14"]
[WhiteClock "0:00:18"]
[BlackClock "0:00:01"]

1. e4 e5 2. Nf3 Nc6 3. Bc4 Bc5 4. c3 Nf6 5. d4 exd4 6. e5 d5 7. Bb5 Ne4 8. cxd4 Bb6 9. Nc3 Bg4 10. Be3 O-O 11. h3 Bh5 12. Qc2 Ba5 13. Bxc6 bxc6 14. O-O Bxc3 15. bxc3 Bxf3 16. gxf3 Ng5 17. Qf5 Ne6 18. Kh2 Rb8 19. Rg1 Qe7 20. Bh6 f6 21. Rae1 Kh8 22. Bc1 Rbe8 23. exf6 Rxf6 24. Qe5 Qf7 25. f4 Rf5 26. Qe2 g6 27. Rg4 Ng7 28. Qd1 Nh5 29. Rxe8+ Qxe8 30. Rg5 Qe4 31. Rxf5 Qxf5 32. Qg4 Nf6 33. Qxf5 gxf5 34. f3 Kg8 35. Ba3 Kf7 36. Bc5 a6 37. Ba7 Ke6 38. Kg3 Ne8 39. Kh4 Nd6 40. Bc5 Nb5 41. Bb4 Kf6 42. Kh5 Nd6 43. Ba5 Nb5 44. a4 Na3 45. Bxc7 Nc2 46. Be5+ Kf7 47. Kh6 Kg8 48. Kg5 Ne1 49. Kxf5 Nxf3 50. Ke6 h5 51. Ke7 h4 52. f5 Ng5 53. f6 Nf7 54. Bc7 Ng5 55. Bd6 Nf7 56. Bf4 Nh8 57. Bg5 Nf7 58. Bxh4 Nh6 59. Bf2 Nf5+ 60. Ke6 Nh6 61. Bg3 Nf7 62. Bd6 Ng5+ 63. Ke7 Nf7 64. h4 Nh6 65. Be5 Nf7 66. Bf4 1-0


[Site "https://www.chess.com"]

[Event "Titled Tuesday Blitz March 14 Late 2023"]
[White "Fernandez Garcia, Gumersindo"]
[Black "Heinemann, Josefine"]
[WhiteFideId "24516740"]
[BlackFideId "12900460"]
[WhiteElo "2093"]
[BlackElo "2342"]
[Result "1-0"]
[Round "11"]
[TimeControl "180+2"]
[Date "2023.03.14"]
[WhiteClock "0:00:20"]
[BlackClock "0:00:01"]

1. b3 e5 2. Bb2 Nc6 3. e3 Nf6 4. Bb5 e4 5. Ne2 h5 6. d3 exd3 7. cxd3 d5 8. Nd2 h4 9. h3 Bd6 10. Nd4 Bd7 11. Rc1 Nxd4 12. Bxd7+ Qxd7 13. Bxd4 Qe7 14. Nf3 c5 15. Bb2 O-O-O 16. b4 Kb8 17. bxc5 Bxc5 18. O-O Bd6 19. Qa4 Rh5 20. Bd4 a6 21. Rb1 Ka8 22. Rb6 Bc5 23. Rxa6+ bxa6 24. Qxa6+ Ba7 25. Rb1 Rb8 26. Qc6+ Rb7 27. Ne5 Rxe5 28. Bxe5 Ne8 29. Qc8+ Bb8 30. Rxb7 Qxe5 31. Qc6 1-0


[Site "https://www.chess.com"]

[Event "Titled Tuesday Blitz March 14 Late 2023"]
[White "Gatterer, Florian"]
[Black "Golubev, Mikhail"]
[WhiteFideId "811688"]
[BlackFideId "14100983"]
[WhiteElo "2221"]
[BlackElo "2374"]
[Result "1/2-1/2"]
[Round "11"]
[TimeControl "180+2"]
[Date "2023.03.14"]
[WhiteClock "0:01:05"]
[BlackClock "0:01:00"]

1. d4 Nf6 2. Nf3 d6 3. g3 g6 4. Bg2 Bg7 5. O-O O-O 6. Re1 Nbd7 7. e4 e5 8. Nc3 Re8 9. h3 b6 10. Be3 exd4 11. Nxd4 Bb7 12. e5 dxe5 13. Bxb7 exd4 14. Bxd4 Rxe1+ 15. Qxe1 Rb8 16. Bc6 Qf8 17. Bxd7 Nxd7 18. Bxg7 Kxg7 19. Rd1 Nf6 20. Qe5 Qc5 21. Qxc5 bxc5 22. b3 c4 23. Rd4 cxb3 24. axb3 Re8 25. Kf1 Re6 26. Rc4 Ne8 27. Nb5 1/2-1/2


[Site "https://www.chess.com"]

[Event "Titled Tuesday Blitz March 14 Late 2023"]
[White "Pino Perez, Lazaro"]
[Black "Sokolin, Leonid"]
[WhiteFideId "3517055"]
[BlackFideId "2009161"]
[WhiteElo "2170"]
[BlackElo "2394"]
[Result "1-0"]
[Round "11"]
[TimeControl "180+2"]
[Date "2023.03.14"]
[WhiteClock "0:00:04"]
[BlackClock "0:00:03"]

1. d4 Nf6 2. Bf4 e6 3. e3 c5 4. Nf3 d5 5. c3 Nc6 6. Nbd2 cxd4 7. exd4 Nh5 8. Be3 Bd6 9. Ne5 g6 10. g3 f6 11. Nd3 O-O 12. Bg2 b6 13. O-O Ng7 14. Re1 Ba6 15. Nf3 Re8 16. Bf4 Bxd3 17. Bxd6 Be4 18. Bf4 g5 19. Be3 Nf5 20. Nd2 Bxg2 21. Kxg2 Qd7 22. Nf3 Qf7 23. h4 g4 24. Nh2 h5 25. Nf1 e5 26. Qa4 Rac8 27. Red1 exd4 28. cxd4 Na5 29. b3 Qe6 30. Kh2 Rc2 31. Rac1 Nxe3 32. Rxc2 Nxd1 33. Qb5 Qe4 34. Rd2 Nc3 35. Qd7 Qe6 36. Qxa7 Ne4 37. Re2 Qc6 38. Ne3 Nc3 39. Rc2 Nb5 40. Qa6 Nc7 41. Qd3 Qe6 42. Qg6+ Kf8 43. Rxc7 1-0


[Site "https://www.chess.com"]

[Event "Titled Tuesday Blitz March 14 Late 2023"]
[White "Kozin, Yuri"]
[Black "Szente Varga, Fruzsina"]
[WhiteFideId "4129920"]
[BlackFideId "712264"]
[WhiteElo "2512"]
[BlackElo "1994"]
[Result "0-1"]
[Round "11"]
[TimeControl "180+2"]
[Date "2023.03.14"]
[WhiteClock "0:00:01"]
[BlackClock "0:00:02"]

1. e4 e5 2. Nf3 Nc6 3. Bb5 a6 4. Ba4 Nf6 5. O-O Be7 6. Re1 b5 7. Bb3 O-O 8. a4 b4 9. d3 Na5 10. Ba2 d6 11. h3 c5 12. Bg5 Be6 13. Nbd2 Rb8 14. Nc4 b3 15. Bxb3 Nxb3 16. cxb3 h6 17. Bd2 Qd7 18. Bc3 Rfc8 19. a5 Bd8 20. Nfd2 Rb5 21. Rf1 g5 22. f3 Nh5 23. Rf2 Nf4 24. Nf1 Bxh3 25. gxh3 Nxh3+ 26. Kg2 Nxf2 27. Kxf2 Rcb8 28. Ra3 Be7 29. Ng3 Qh3 30. Nf5 Qh2+ 31. Ke1 Bf6 32. Qe2 Qg1+ 33. Kd2 g4 34. Nxh6+ Kg7 35. Nxg4 Bg5+ 36. Nge3 Rxb3 37. Rxb3 Rxb3 38. Kc2 Rb5 39. Bd2 Qa1 40. Nf5+ Kf6 41. Bxg5+ Kxg5 42. Qg2+ Kf6 43. Nfxd6 Qa4+ 44. Kc1 Qa1+ 45. Kc2 Qa4+ 46. Kd2 Rb3 47. Qg4 Qb4+ 48. Ke2 Rxb2+ 49. Nxb2 Qxb2+ 50. Kf1 Qc1+ 51. Kg2 Qd2+ 52. Kh3 Qxd3 53. Nf5 c4 54. Qh4+ Kg6 55. Ne7+ Kg7 56. Qg5+ Kf8 57. Nd5 Qxf3+ 0-1


[Site "https://www.chess.com"]

[Event "Titled Tuesday Blitz March 14 Late 2023"]
[White "Gasparyan, David"]
[Black "Gallegos Diaz, Carlos Alberto"]
[WhiteFideId "13311980"]
[BlackFideId "3900886"]
[WhiteElo "2506"]
[BlackElo "2362"]
[Result "1/2-1/2"]
[Round "11"]
[TimeControl "180+2"]
[Date "2023.03.14"]
[WhiteClock "0:00:11"]
[BlackClock "0:00:19"]

1. Nf3 d6 2. g3 Nf6 3. Bg2 e5 4. d3 Be7 5. O-O O-O 6. Nc3 c6 7. e4 h6 8. h3 b5 9. a3 a6 10. Nh4 Re8 11. f4 Bf8 12. fxe5 dxe5 13. Be3 Be6 14. Qf3 Nbd7 15. Kh1 a5 16. Nf5 b4 17. Na4 c5 18. g4 c4 19. d4 exd4 20. Bxd4 Bxf5 21. exf5 Rb8 22. Rad1 Qc7 23. axb4 axb4 24. b3 Ne4 25. Rfe1 Ndf6 26. Be3 cxb3 27. cxb3 Qc2 28. Ba7 Rbd8 29. Rxd8 Rxd8 30. Bb6 Rd2 31. Be3 Rd3 32. Qf4 Qxb3 33. Bxe4 Rd1 34. Rxd1 Qxd1+ 35. Kg2 Qxa4 36. Bd3 Qa3 37. Qd4 b3 38. g5 hxg5 39. Bxg5 b2 40. Bxf6 gxf6 41. Bc2 Qb4 42. Qd3 Qc5 43. Kh2 Qe5+ 44. Qg3+ Qxg3+ 45. Kxg3 Bc5 46. Kf3 Bd4 47. Ke4 Be5 48. Kd3 Kh7 49. Kc4 Kh6 50. Be4 Kh5 51. Kd3 Kh4 52. Ke2 Kxh3 53. Bb1 Kg4 54. Ke3 Kg3 55. Ke4 Kg4 56. Kd3 Kg5 57. Ke3 Kg4 58. Ke4 Kg3 59. Ke3 Bc3 60. Bc2 Be5 61. Bb1 Kg2 62. Ke2 Kg3 63. Ke3 1/2-1/2


[Site "https://www.chess.com"]

[Event "Titled Tuesday Blitz March 14 Late 2023"]
[White "Fan_Of_Chucky"]
[Black "ArchibaldCerveza29"]
[WhiteElo "2357"]
[BlackElo "2496"]
[Result "1-0"]
[Round "11"]
[TimeControl "180+2"]
[Date "2023.03.14"]
[WhiteClock "0:00:10"]
[BlackClock "0:00:12"]

1. d4 d5 2. c4 e6 3. Nc3 Nf6 4. cxd5 exd5 5. Bg5 c6 6. e3 h6 7. Bh4 Bd6 8. Bd3 O-O 9. Qc2 Re8 10. Nge2 a5 11. h3 Na6 12. a3 Nc7 13. O-O Ne6 14. f3 Ng5 15. f4 Ne6 16. Rf3 Be7 17. Raf1 b5 18. Ng3 Nf8 19. Nce2 Bd7 20. Nf5 Bxf5 21. Bxf5 Qd6 22. g4 Ne4 23. Bxe7 Rxe7 24. Bxe4 Rxe4 25. Ng3 Ree8 26. g5 Ra7 27. Nf5 Qg6 28. h4 Nh7 29. Kh1 Qh5 30. Qxc6 Raa8 31. Qxd5 g6 32. Nxh6+ Kh8 33. Nxf7+ Kg7 34. Nh6 Qxh4+ 35. Kg1 Ra7 36. Kg2 Rc7 37. R3f2 Nf6 38. gxf6+ Qxf6 39. Ng4 Qh4 40. Qg5 Qxg5 41. fxg5 Re4 42. Ne5 Rxe3 43. Rf7+ Rxf7 44. Rxf7+ Kg8 45. Rb7 Rb3 46. Nxg6 Rxb2+ 47. Kg3 Rb3+ 48. Kg4 Rxa3 49. Kf5 Rf3+ 50. Kg4 Rd3 51. Rxb5 Rxd4+ 52. Kh5 Rd1 53. Rxa5 Rh1+ 54. Nh4 Kf7 55. Ra7+ Kg8 56. Kg6 Kf8 57. Ra8+ Ke7 58. Nf5+ Ke6 59. Re8+ Kd7 60. Re7+ Kd8 61. Ra7 Rf1 62. Ng7 Kc8 63. Kh6 Kb8 64. Re7 Rh1+ 65. Nh5 Rc1 66. g6 Rc8 67. g7 Ka8 68. Rf7 Kb8 69. Rf8 Kb7 70. Rxc8 Kxc8 71. g8=Q+ Kb7 72. Qe6 Ka7 73. Qc6 Kb8 74. Qd7 Ka8 75. Kg6 Kb8 76. Kf6 Ka8 77. Ke6 1-0


[Site "https://www.chess.com"]

[Event "Titled Tuesday Blitz March 14 Late 2023"]
[White "Womacka, Mathias"]
[Black "ritanovikova"]
[WhiteFideId "4611390"]
[WhiteElo "2377"]
[BlackElo "2219"]
[Result "1-0"]
[Round "11"]
[TimeControl "180+2"]
[Date "2023.03.14"]
[WhiteClock "0:01:57"]
[BlackClock "0:01:15"]

1. e4 d5 2. exd5 Qxd5 3. Nc3 Qd6 4. d4 Nf6 5. Nf3 a6 6. g3 Bg4 7. Bg2 Nc6 8. O-O e6 9. Bf4 Qd7 10. h3 Bh5 11. g4 Bg6 12. Ne5 Nxe5 13. dxe5 Qxd1 14. Rfxd1 Nd5 15. Nxd5 exd5 16. Bxd5 O-O-O 17. Bxb7+ Kxb7 18. Rxd8 Bxc2 19. Rc1 Be4 20. e6 fxe6 21. Rxc7+ Kb6 22. Rcc8 Bd6 23. Rxd6+ 1-0


[Site "https://www.chess.com"]

[Event "Titled Tuesday Blitz March 14 Late 2023"]
[White "Zamorano, Jorge"]
[Black "Kohler, Aran"]
[WhiteFideId "173770"]
[BlackFideId "1002856"]
[WhiteElo "2331"]
[BlackElo "2286"]
[Result "1/2-1/2"]
[Round "11"]
[TimeControl "180+2"]
[Date "2023.03.14"]
[WhiteClock "0:00:06"]
[BlackClock "0:00:22"]

1. e4 c6 2. Nf3 d5 3. Nc3 d4 4. Ne2 c5 5. Ng3 Nc6 6. Bc4 e6 7. e5 a6 8. a4 Nge7 9. O-O Ng6 10. Re1 Qc7 11. Qe2 Be7 12. d3 Rb8 13. Nh5 O-O 14. h4 b5 15. axb5 axb5 16. Bb3 Bb7 17. Nxg7 Kxg7 18. h5 Ncxe5 19. Nxe5 Qxe5 20. Qxe5+ Nxe5 21. Rxe5 h6 22. Bf4 Ra8 23. Ree1 Rfc8 24. Be5+ Bf6 25. f4 Rxa1 26. Rxa1 c4 27. dxc4 bxc4 28. Ba4 Ra8 29. b3 cxb3 30. cxb3 Bd5 31. Bxf6+ Kxf6 32. Rd1 e5 33. fxe5+ Kxe5 34. Re1+ Kd6 35. Rd1 Kc5 36. Rc1+ Kd6 37. Rd1 Ke5 38. Re1+ Kd6 39. Rd1 1/2-1/2


[Site "https://www.chess.com"]

[Event "Titled Tuesday Blitz March 14 Late 2023"]
[White "Carbone, Diego"]
[Black "Perske, Thore"]
[WhiteFideId "3002179"]
[BlackFideId "12902195"]
[WhiteElo "2266"]
[BlackElo "2336"]
[Result "1-0"]
[Round "11"]
[TimeControl "180+2"]
[Date "2023.03.14"]
[WhiteClock "0:00:05"]
[BlackClock "0:00:10"]

1. d4 Nf6 2. c4 g6 3. g3 Bg7 4. Bg2 O-O 5. Nc3 d6 6. Nf3 c6 7. O-O Qb6 8. h3 Qa6 9. Nd2 d5 10. b3 Rd8 11. e3 Bf5 12. Bb2 Bd3 13. Re1 dxc4 14. Nxc4 Bxc4 15. bxc4 Qxc4 16. Qc2 Nbd7 17. Rec1 Rac8 18. Rab1 Qa6 19. a4 e6 20. Qb3 Nd5 21. Ne4 Rb8 22. Ba3 Bf8 23. Bxf8 Rxf8 24. h4 h5 25. Nd6 N7b6 26. e4 Nc7 27. Bf1 Qa5 28. Rc5 Qxa4 29. Qe3 Rfd8 30. Qf4 Rd7 31. Qe5 Ne8 32. Nxf7 Kxf7 33. Qxb8 Qxd4 34. Rcc1 e5 35. Qxa7 Na4 36. Qa5 Nc3 37. Qxc3 Nf6 38. Qxd4 exd4 39. Kg2 Nxe4 40. Bd3 Nc3 41. Rb2 b5 42. Kf3 Ke6 43. Re1+ Kd5 44. Bxg6 c5 45. Be8 Rb7 46. Bxh5 b4 47. g4 d3 48. g5 Kd4 49. Kg2 c4 50. Bg6 b3 51. h5 Na4 52. Rbb1 Rb5 53. Rbd1 Rxg5+ 54. Kf3 Nc3 55. Rd2 Nd5 56. Re4+ Kc5 57. Rg4 Re5 58. Bxd3 cxd3 59. Rxd3 b2 60. Rb3 Rf5+ 61. Kg2 Rxh5 62. Rxb2 Rf5 63. Ra2 Kd6 64. Ra6+ Ke5 65. Ra5 Ke6 66. Re4+ Kf7 67. Kg3 Kf6 68. Rd4 Rg5+ 69. Kh2 Ke6 70. Rdxd5 Rxd5 71. Rxd5 Kxd5 72. Kg3 Ke6 73. Kg4 Ke7 74. Kg5 Ke6 75. f3 Kf7 76. Kf5 Kg7 77. Ke6 Kg6 78. Ke5 Kg5 79. f4+ Kg6 80. Ke6 Kg7 81. f5 Kf8 82. Kf6 Kg8 83. Ke7 Kh7 84. f6 Kg6 85. f7 Kg7 86. f8=Q+ Kh7 87. Qf4 Kg6 88. Qg4+ Kh6 89. Kf7 1-0


[Site "https://www.chess.com"]

[Event "Titled Tuesday Blitz March 14 Late 2023"]
[White "Jovic, Stanoje"]
[Black "Fiorito, Francisco"]
[WhiteFideId "905020"]
[BlackFideId "180165"]
[WhiteElo "2236"]
[BlackElo "2341"]
[Result "0-1"]
[Round "11"]
[TimeControl "180+2"]
[Date "2023.03.14"]
[WhiteClock "0:00:01"]
[BlackClock "0:01:45"]

1. c4 c5 2. g3 Nc6 3. Bg2 g6 4. Nc3 Bg7 5. Nf3 e6 6. O-O Nge7 7. d4 cxd4 8. Nb5 O-O 9. Nfxd4 Nxd4 10. Nxd4 d5 11. cxd5 Nxd5 12. e4 Nb6 13. Nb3 Qe7 14. Be3 Rd8 15. Qe2 Bd7 16. Bc5 Qe8 17. e5 Bb5 18. Qe3 Bxf1 19. Rxf1 Nc4 20. Qe4 Nxe5 21. Qxb7 Nd3 22. Bxa7 Rac8 23. Na5 Rd7 24. Qa6 Nb4 25. Qb5 Rxa7 26. Qxb4 Bf8 27. Qd2 Qb5 28. Nb3 Rxa2 29. Nd4 Qxb2 30. Qe3 Bc5 31. Rc1 Bxd4 32. Rxc8+ Kg7 33. Qf3 Bxf2+ 34. Kh1 Ra1+ 0-1


[Site "https://www.chess.com"]

[Event "Titled Tuesday Blitz March 14 Late 2023"]
[White "Blanco Acevedo, Cristobal Jose"]
[Black "Weetik, Vjacheslav"]
[WhiteFideId "3900525"]
[BlackFideId "4153472"]
[WhiteElo "2278"]
[BlackElo "2469"]
[Result "1-0"]
[Round "11"]
[TimeControl "180+2"]
[Date "2023.03.14"]
[WhiteClock "0:01:03"]
[BlackClock "0:00:02"]

1. e4 c5 2. Nf3 e6 3. d4 cxd4 4. Nxd4 Nf6 5. Nc3 Nc6 6. Ndb5 d6 7. Bf4 e5 8. Bg5 a6 9. Bxf6 gxf6 10. Na3 f5 11. Bc4 Nd4 12. Qh5 Qc7 13. Nd5 Qa5+ 14. c3 Be6 15. O-O Nc6 16. Rad1 fxe4 17. Nf6+ Ke7 18. Bxe6 fxe6 19. Nxe4 d5 20. Qg5+ Kd7 21. Nf6+ Kc7 22. Nc2 Be7 23. Nb4 Raf8 24. Nxc6 Bxf6 25. Qxf6 bxc6 26. Qxe5+ Kd7 27. Rfe1 Re8 28. Qg7+ Kc8 29. Rxe6 Rxe6 30. Qxh8+ Kd7 31. Qxh7+ Re7 32. Qf5+ Kc7 33. Qf4+ Kb7 34. a3 Qb5 35. Qb4 Re2 36. Qxb5+ axb5 37. Rb1 c5 38. h4 Kc6 39. g4 c4 40. Kg2 d4 41. cxd4 Kd5 42. Kf3 Rd2 43. h5 Rxd4 44. h6 1-0


[Site "https://www.chess.com"]

[Event "Titled Tuesday Blitz March 14 Late 2023"]
[White "Karttunen, Mika"]
[Black "marik_spb"]
[WhiteFideId "502081"]
[WhiteElo "2396"]
[BlackElo "2414"]
[Result "0-1"]
[Round "11"]
[TimeControl "180+2"]
[Date "2023.03.14"]
[WhiteClock "0:00:07"]
[BlackClock "0:00:02"]

1. e4 c6 2. d4 d5 3. e5 Bf5 4. h4 h5 5. Bd3 Bxd3 6. Qxd3 Qa5+ 7. Bd2 Qa6 8. e6 Qxd3 9. exf7+ Kxf7 10. cxd3 g6 11. Nf3 Nd7 12. Bc3 Bg7 13. Nbd2 Nh6 14. Ng5+ Kg8 15. Ndf3 Nf5 16. Ne6 Nf8 17. Neg5 Bf6 18. g3 Bxg5 19. Nxg5 Nh7 20. Nf3 Kg7 21. O-O Rhf8 22. Kg2 Nf6 23. Rae1 Ng4 24. Bd2 Rae8 25. Re6 Rf6 26. Re2 Kf8 27. Bg5 Rf7 28. Rfe1 a6 29. Re6 Kg7 30. Bf4 Rf6 31. Rxf6 Nxf6 32. Be5 Kf8 33. Ng5 Ng4 34. Ne6+ Kf7 35. Bf4 Ng7 36. Ng5+ Kg8 37. f3 Nf6 38. Be5 Nh7 39. Nh3 Kf7 40. Bxg7 Kxg7 41. Nf4 Kf7 42. Ne6 Nf8 43. Ng5+ Kf6 44. Re5 e6 45. f4 Nd7 46. Re2 c5 47. dxc5 Nxc5 48. d4 Nd3 49. Rd2 Nb4 50. a3 Nc6 51. Kf3 Rc8 52. Ke3 Ne7 53. Kd3 Nf5 54. Re2 Rc6 55. Rg2 Rc4 56. Nf3 b5 57. Re2 Nxg3 58. Rg2 Nf5 59. Re2 b4 60. axb4 Rxb4 61. Kc3 Rc4+ 62. Kd3 Rb4 63. Kc3 a5 64. b3 Nd6 65. Ra2 Ne4+ 66. Kc2 Rb5 67. Ra4 Kf5 68. Ne5 Kxf4 69. Nxg6+ Ke3 70. Nf8 Rb6 71. Nd7 Rc6+ 72. Kb2 Nc3 73. Rxa5 Kxd4 74. Nf6 Nd1+ 75. Kb1 Rb6 76. Kc2 Ne3+ 77. Kb2 Nc4+ 0-1


[Site "https://www.chess.com"]

[Event "Titled Tuesday Blitz March 14 Late 2023"]
[White "Dinu, Dumitru-Daniel"]
[Black "Janaszak, Dawid"]
[WhiteFideId "1208403"]
[BlackFideId "1119206"]
[WhiteElo "2240"]
[BlackElo "2220"]
[Result "1-0"]
[Round "11"]
[TimeControl "180+2"]
[Date "2023.03.14"]
[WhiteClock "0:00:04"]
[BlackClock "0:00:03"]

1. e4 e5 2. Nf3 Bc5 3. Nxe5 Nc6 4. Nxc6 dxc6 5. Nc3 Nf6 6. Be2 h5 7. O-O Ng4 8. g3 Qf6 9. Bf3 Ne5 10. Bg2 Bg4 11. Qe1 Nf3+ 12. Bxf3 Bxf3 13. d4 Bxd4 14. Ne2 O-O-O 15. Nxd4 Rxd4 16. Qa5 Qe6 17. Bf4 Kb8 18. Bxc7+ Ka8 19. Bb6 a6 20. Qf5 Qxf5 21. exf5 Rb4 22. Bc5 Rb5 23. Bd4 Rxf5 24. Rfe1 f6 25. Re3 h4 26. Rae1 Kb8 27. Bb6 Kc8 28. Re7 hxg3 29. Rc7+ Kb8 30. fxg3 Re5 31. Rxe5 fxe5 32. Rxg7 e4 33. Bc7+ Ka8 34. Be5 Rd8 35. Kf2 c5 36. Bf4 b5 37. Be3 Rd1 38. Bxc5 Rd2+ 39. Ke3 Rxc2 40. Kd4 e3 41. Rg8+ Kb7 42. Rg7+ Kc6 43. Rg6+ Kd7 44. Rd6+ Kc7 45. Re6 e2 46. Bb6+ Kd7 47. Re5 Rc1 48. Ba5 Rd1+ 49. Kc3 Kd6 50. Re3 Bg4 51. Kb3 Kc6 52. Kc2 Rd4 53. Bc3 Rd5 54. h3 Bxh3 55. Rxe2 Bg4 56. Re3 Rf5 57. Rd3 Rf2+ 58. Kb3 Be6+ 59. Ka3 Rg2 60. Bb4 Bd5 61. Rc3+ Kb7 62. Rc5 Bc4 63. Bc3 a5 64. Bxa5 Rxg3+ 65. Bc3 Rf3 66. Kb4 Kb6 67. Re5 Kc6 68. b3 Bd5 69. Re7 Kd6 70. Re8 Bc6 71. Rd8+ Kc7 72. Rd4 Rf5 73. a4 bxa4 74. bxa4 Kb6 75. a5+ Rxa5 76. Rd6 Rb5+ 77. Kc4 Kc7 78. Re6 Kb7 79. Re7+ Kc8 80. Bd4 Bd7 81. Rg7 Rf5 82. Rg8+ Kb7 83. Rg7 Kc6 84. Rg6+ Kc7 85. Rg7 Kc6 86. Rg6+ Kc7 87. Rg7 Kd8 88. Bb6+ Ke8 89. Bc5 Be6+ 90. Kb4 Bf7 91. Rh7 Rf4+ 92. Ka5 Rf5 93. Kb6 Rf6+ 94. Kc7 Rf5 95. Rh8+ Bg8 96. Rxg8+ Kf7 97. Rf8+ Ke6 98. Re8+ Kf7 99. Re7+ Kf6 100. Bd6 Rf1 101. Kd7 Rd1 102. Re8 Kf7 103. Rf8+ Kg7 104. Re8 Rd2 105. Re3 Rd1 106. Ke7 Kg6 107. Rf3 Kg5 108. Be5 Kg4 109. Rf6 Re1 110. Ke6 Kg5 111. Rf8 Kg4 112. Rf4+ Kg5 113. Rf3 Kg4 114. Rg3+ Kh4 115. Rg7 Kh5 116. Kf5 Kh6 117. Rg8 Rf1+ 118. Bf4+ Kh7 119. Rg4 Rf2 120. Kf6 Ra2 121. Rh4+ Kg8 122. Be5 Rf2+ 123. Ke6 Rh2 124. Rxh2 1-0


[Site "https://www.chess.com"]